 Dungeon Crawl Stone Soup version 0.32-a0-560-g4c7f4391e0 (webtiles) character file.

Game seed: 3931028374272424132

7109 dialectric the Trooper (level 10, 0/156 HPs)
             Began as a Troll Shapeshifter on Feb 29, 2024.
             Slain by Amaemon
             ... wielding a -1 demon whip of venom
              (6 damage)
             ... on level 9 of the Dungeon.
             The game lasted 00:13:27 (8059 turns).

dialectric the Trooper (Troll Shapeshifter)         Turns: 8059, Time: 00:13:27

Health: 0/156      AC: 11    Str: 30    XL:     10   Next: 85%
Magic:  9/9        EV: 11    Int:  6    God:
Gold:   821        SH:  0    Dex:  9    Spells: 6/9 levels left

rFire   . . .        f - +3 flail (protect)
rCold   . . .        (no shield)
rNeg    . . .        a - +0 animal skin
rPois   .            (helmet currently unavailable)
rElec   .            (cloak currently unavailable)
rCorr   .            (gloves unavailable)
SInv    .            (boots unavailable)
Will    .....        g - amulet of the acrobat Stlth
                     u - ring "Vorhidy" {Fly Str+2}
HPRegen 1.26/turn    (no ring)
MPRegen 0.11/turn

%: acrobat
@: berserking, lethally poisoned (0 -> -46), beast-form, under a protective
aura, flying, slowed
A: beast (slay +4), large, unfitting armour, claws 3, regeneration 1, shaggy fur
1, tough skin 1
a: Begin Untransformation


You were on level 9 of the Dungeon.
You were a hulking beast.
You visited 2 branches of the dungeon, and saw 10 of its levels.
You also visited: Bailey.

You collected 977 gold pieces.
You spent 156 gold pieces at shops.

Inventory:

Hand Weapons
 e - a +2 mace of venom
 f - a +3 flail of protection (weapon)
 h - a +1 dagger of venom
 j - a +1 morningstar of holy wrath
 m - a +2 short sword of venom
 I - a +1 hand axe of distortion
 L - a +2 vampiric whip
Missiles
 l - 15 curare-tipped darts (quivered)
 D - 72 poisoned darts
 E - 2 throwing nets
 J - 4 atropa-tipped darts
Armour
 a - a +0 animal skin (worn)
Jewellery
 g - an amulet of the acrobat (around neck)
 u - the ring "Vorhidy" (left claw) {Fly Str+2}
   (You found it on level 3 of the Dungeon)

   [ring of flight]

   Str+2:     It affects your strength (+2).
   Fly:       It grants you flight.
 K - a ring of resist corrosion
 N - a ring of positive energy
Talismans
 c - a beast talisman (active)
 d - a flux talisman
Wands
 A - a wand of flame (31)
 H - a wand of paralysis (7)
Scrolls
 i - a scroll of enchant armour {unknown}
 k - 2 scrolls of noise {unknown}
 n - 2 scrolls of revelation
 p - 2 scrolls of butterflies {unknown}
 r - 4 scrolls of teleportation
 s - 4 scrolls of blinking {unknown}
 v - 2 scrolls of torment {unknown}
 w - 2 scrolls of fear {unknown}
 y - a scroll of silence {unknown}
 C - a scroll of amnesia {unknown}
 G - a scroll of enchant weapon {unknown}
Potions
 b - 2 potions of ambrosia
 o - a potion of haste {unknown}
 q - 3 potions of curing
 t - a potion of attraction
 z - a potion of magic
 B - 2 potions of might
 F - a potion of heal wounds
 M - a potion of cancellation {unknown}


   Skills:
 * Level 7.8 Fighting
 + Level 5.4(6.0) Maces & Flails
 - Level 3.1(4.5) Staves
 + Level 3.1 Armour
 * Level 7.4 Dodging
 - Level 3.0 Unarmed Combat
 - Level 7.1 Shapeshifting


You had 6 spell levels left.
You knew the following spells:

 Your Spells              Type           Power      Damage    Failure   Level
a - Passwall              Erth           0%         N/A       83%         3

Your spell library contained the following spells:

 Spells                   Type           Power      Damage    Failure   Level
 Apportation              Tloc           0%         N/A       45%         1
 Sandblast                Erth           0%         2d4       45%         1
 Blink                    Tloc           0%         N/A       58%         2
 Jinxbite                 Hex            0%         N/A       58%         2
 Lesser Beckoning         Tloc           0%         N/A       58%         2
 Momentum Strike          Conj/Tloc      0%         3d8       58%         2
 Static Discharge         Conj/Air       0%         3-3/arc   58%         2
 Dazzling Flash           Conj/Hex       0%         N/A       83%         3
 Stone Arrow              Conj/Erth      0%         3d7       83%         3
 Volatile Blastmotes      Fire/Tloc      0%         2d10      83%         3
 Airstrike                Air            0%         2d(0-16)  99%         4
 Brom's Barrelling Bould  Conj/Erth      0%         2d3       99%         4
 Summon Lightning Spire   Summ/Air       0%         N/A       99%         4
 Alistair's Intoxication  Alch           0%         N/A       100%        5
 Starburst                Conj/Fire      0%         6d3       100%        6
 Maxwell's Capacitive Co  Air            0%         ∞         100%        8


Dungeon Overview and Level Annotations

Branches:
Dungeon (9/15)             Temple (1/1) D:6             Orc (0/2) D:9
 Bailey (visited)
   Lair: D:8-11

Altars:
Ashenzari
Cheibriados
Dithmenos
Elyvilon
Fedhas
Gozag
Hepliaklqana
Kikubaaqudgha
Makhleb
Nemelex Xobeh
Okawaru
Qazlal
Ru
Sif Muna
Trog
Uskayaw
Vehumet
Wu Jian
Xom
Yredelemnul
Zin
The Shining One

Shops:
D:6 !([!   D:9 *

Annotations:
D:4 Pikel
D:5 1 runed translucent door
D:9 Amaemon


Innate Abilities, Weirdness & Mutations

You are a hulking beast.
Your limbs bulge with bestial killing power. (Slay +4)
You are too large for most types of armour.
You have claws for hands.
Your natural rate of healing is unusually fast.
You are covered in fur. (AC +1)
You have tough skin. (AC +1)


Message History

Amaemon closely misses you. Amaemon tail-slaps you.
The orange demon stings you from afar.
You are poisoned.
You have difficulty breathing.
You feel yourself slow down.
You closely miss Amaemon.
You feel extremely sick.
Amaemon barely misses you. x3; The orange demon stings you from afar.
You are more poisoned.
You have difficulty breathing.
You feel as though you will be slow longer.
You barely miss Amaemon.
You feel extremely sick.
Amaemon hits you with a -1 demon whip of venom!!
You are more poisoned.
Amaemon claws you!
Amaemon tail-slaps you but does no damage.
The orange demon stings you but does no damage.
You bludgeon Amaemon!!
Your weapon exudes an aura of protection.
Amaemon is moderately wounded.
You feel extremely sick. Amaemon closely misses you. Amaemon claws you.
Amaemon tail-slaps you. The orange demon stings you from afar.
You are lethally poisoned!
You have difficulty breathing.
* * * LOW HITPOINT WARNING * * *
You feel as though you will be slow longer.
You closely miss Amaemon.
Amaemon is moderately wounded.
* * * LOW HITPOINT WARNING * * *
You feel extremely sick. Amaemon barely misses you. Amaemon closely misses you.
Amaemon barely misses you. The orange demon misses you.
Unknown command.
You bludgeon Amaemon!!
Amaemon is heavily wounded.
* * * LOW HITPOINT WARNING * * *
You feel extremely sick. Amaemon closely misses you. Amaemon misses you.
Amaemon tail-slaps you.
You die...

########## # ###4...$.... #
######### #.'......}.. ## #
#.......# #.#......... #. #
#.......# #4#......... #. #
#.....>.# #6#..6......### #. #
#.......# #h#.........+.# #.
######.......# #.#.........#†###.
##....)......###.#.........#..##.
'..###.......##..#.........##..#.
#### #..........## ##... #
#.......#### ###. ##.###### #.
#.)..# #. ####.## ##


You could see Amaemon and an orange demon (curare).

Vanquished Creatures
  A two-headed ogre (D:9)
  Erica (D:8)
  The ghost of DiddlyDoom the Cudgeller, an amateur GrBe of Trog (D:5)
  A wraith (D:9)
  A wyvern (D:9)
  4 yaks (D:9)
  2 steam dragons (D:7)
  Edmund (D:4)
  Duvessa (D:4)
  7 orc warriors
  An ice beast (D:8)
  3 sky beasts
  A black bear (D:4)
  2 ogres (D:4)
  4 centaurs
  3 phantoms
  12 kobold brigands
  A bullfrog (D:4)
  Blork the orc (D:5)
  A gnoll sergeant (D:9)
  2 scorpions
  Dowan (D:4)
  5 killer bees (D:8)
  5 howler monkeys
  A crimson imp (D:7)
  7 hounds
  A bombardier beetle (D:5)
  6 orc priests
  A sleepcap (D:6)
  An iguana (D:6)
  A jelly (D:7)
  7 orc wizards
  5 gnolls
  8 adders
  2 shadow imps
  2 ufetubi (D:6)
  2 dart slugs
  A ribbon worm (D:2)
  25 orcs
  13 ball pythons
  5 endoplasms
  5 giant cockroaches
  11 goblins
  6 hobgoblins
  41 kobolds
  7 quokkas
  3 training dummies (D:6)
  8 bats
  2 frilled lizards (D:1)
  7 rats
240 creatures vanquished.

Notes
Turn   | Place    | Note
-------+----------+-------------------------------------------
     0 | D:1      | dialectric the Troll Shapeshifter began the quest for the
                  | Orb.
     0 | D:1      | Reached XP level 1. HP: 18/18 MP: 0/0
    36 | D:1      | Reached skill level 1 in Fighting
    36 | D:1      | Reached XP level 2. HP: 17/27 MP: 1/1
   228 | D:1      | Reached XP level 3. HP: 33/33 MP: 2/2
   525 | D:2      | Found a shadowy altar of Dithmenos.
   732 | D:2      | Reached XP level 4. HP: 42/42 MP: 3/3
  1214 | D:3      | Found a sacrificial altar of Ru.
  1214 | D:3      | Found a bloodstained altar of Trog.
  1726 | D:3      | Found a glowing golden altar of the Shining One.
  1779 | D:3      | Identified the ring "Vorhidy" {Fly Str+2}
  1849 | D:3      | Found a faded altar of an unknown god.
  2123 | D:4      | Noticed a lemure
  2123 | D:4      | Noticed a lemure
  2123 | D:4      | Noticed a lemure
  2124 | D:4      | Noticed Pikel
  2124 | D:4      | Noticed a lemure
  2281 | D:4      | Found an ornate altar of the Wu Jian Council.
  2366 | D:4      | Noticed Edmund
  2369 | D:4      | Reached XP level 5. HP: 21/50 MP: 4/4
  2386 | D:4      | HP: 3/75 [Edmund/+3 flail of protection (4)]
  2395 | D:4      | Killed Edmund
  2396 | D:4      | Reached XP level 6. HP: 13/59 MP: 5/5
  2737 | D:4      | Reached skill level 1 in Maces & Flails
  2908 | D:4      | Noticed Dowan
  2908 | D:4      | Noticed Duvessa
  2918 | D:5      | Entered Level 5 of the Dungeon
  2922 | D:5      | Reached XP level 7. HP: 39/67 MP: 6/6
  3022 | D:4      | Killed Dowan
  3165 | D:4      | Killed Duvessa
  3169 | D:4      | Reached skill level 1 in Staves
  3284 | D:5      | Noticed Blork the orc
  3303 | D:4      | Reached XP level 8. HP: 38/79 MP: 7/7
  3391 | D:5      | Found a basalt altar of Yredelemnul.
  3393 | D:5      | Found a shadowy altar of Dithmenos.
  3441 | D:5      | Found a runed translucent door.
  3445 | D:5      | Noticed DiddlyDoom's ghost (amateur GrBe)
  3465 | D:5      | Killed DiddlyDoom's ghost
  3466 | D:5      | Reached skill level 5 in Shapeshifting
  3475 | D:5      | Found a runed translucent door.
  3705 | D:5      | Reached skill level 5 in Fighting
  3726 | D:5      | Identified the +1 orcbow of the Hierophant {elec, Int+4}
  3843 | D:5      | Found a stormy altar of Qazlal.
  3899 | D:5      | Killed Blork the orc
  4036 | D:6      | Identified the +1 leather armour of Majestic Satisfaction
                  | {Str+3 Slay+2}
  4040 | D:6      | Found Mibboq's Distillery.
  4066 | D:6      | Bought a potion of curing for 33 gold pieces
  4066 | D:6      | Bought a potion of curing for 33 gold pieces
  4084 | D:6      | Found Dudwad's Firing Range.
  4093 | D:6      | Bought a throwing net for 42 gold pieces
  4135 | D:6      | Found Ykhisor's Antique Armour Shop.
  4229 | D:6      | Found a staircase to the Ecumenical Temple.
  4242 | D:6      | Identified the +1 ring mail "Atuunug" {^Drain rPois rN+}
  4266 | Temple   | Entered the Ecumenical Temple
  4272 | Temple   | Reached skill level 5 in Dodging
  4360 | D:6      | Identified the +3 leather armour "Oleguozi" {rCorr Str+2
                  | Int-3}
  4488 | D:6      | Found Jyef's Distillery.
  4494 | D:6      | Bought a potion of might for 48 gold pieces
  4868 | D:7      | Reached XP level 9. HP: 85/88 MP: 8/8
  5029 | D:7      | Learned a level 3 spell: Passwall
  5219 | D:7      | Found a shimmering blue altar of Sif Muna.
  5386 | D:7      | Found a burning altar of Makhleb.
  5387 | D:7      | Found a radiant altar of Vehumet.
  5631 | D:8      | Found a flagged portal.
  5647 | Bailey   | Entered a bailey
  5687 | Bailey   | Reached skill level 1 in Armour
  5964 | Bailey   | Found a burning altar of Makhleb.
  6075 | D:8      | Reached XP level 10. HP: 100/100 MP: 9/9
  6294 | D:8      | Found a hide-covered altar of Uskayaw.
  6538 | D:8      | Found a white marble altar of Elyvilon.
  6567 | D:8      | Noticed Erica
  6578 | D:8      | Killed Erica
  7386 | D:9      | Reached skill level 5 in Maces & Flails
  7463 | D:9      | Found a shimmering altar of Xom.
  7700 | D:9      | Noticed a two-headed ogre
  7707 | D:9      | Killed a two-headed ogre
  7768 | D:9      | Found a staircase to the Orcish Mines.
  7768 | D:9      | Noticed Amaemon
  7768 | D:9      | Noticed an orange demon
  7966 | D:9      | Found Zin's Purification Station.
  7970 | D:9      | Found a glowing silver altar of Zin.
  8059 | D:9      | HP: 6/156 [poisoned by orange demon (concentrated venom)]
  8059 | D:9      | Slain by Amaemon

Illustrated notes

Levels and vault maps discovered:
D:1:      sevenhm_arrival_forest_fort_small_3, layout_basic, serial_bayou_pond_d
D:2:      layout_rooms, basic_altar
D:3:      layout_basic, mainiacjoe_overflow_alcove_2,
          mainiacjoe_overflow_divided_tiny, shapermc_ecumenical_altar_notcrosses
D:4:      minmay_polygon_palace, layout_basic, nicolae_overflow_crystal_walls,
          uniq_pikel, uniq_edmund, uniq_duvessa
D:5:      layout_rooms, chequers_temple_overflow_statue_of_worship,
          lemuel_round_altar, ebering_ghost_sewer_f, uniq_blork_the_orc
D:6:      layout_basic, temple_green, serial_shops, shop_statue,
          nicolae_shop_stone, nicolae_shop_overgrown_old_shop, shop,
          nicolae_shop_firing_range
D:7:      layout_loops_ring, grunt_temple_overflow_lords_of_destruction,
          mainiacjoe_overflow_six_doors_small, minmay_tree_intersection
D:8:      layout_layer_cave, eat_drink_and_be_merry_uskayaw, lemuel_tele_altar,
          enter_bailey_5, uniq_erica
D:9:      layout_roguey, xom_butterflies, zin_purify, orc_0_dummy, uniq_amaemon
Temple:   nicolae_temple_colour_theory

Skill      XL: |  1  2  3  4  5  6  7  8  9 10 |
---------------+-------------------------------+-----
Fighting       | 1 2 3 4 5 6 7 |  7.8
Dodging        | 2 3 4 5 6 7 |  7.4
Shapeshifting  | 4 5 6 7 |  7.1
Maces & Flails | 1 2 3 4 5 |  5.4
Staves         | 1 2 3 |  3.1
Armour         | 1 3 |  3.1
Unarmed Combat | |  3.0

Action                     |  1- 3 |  4- 6 |  7- 9 | 10-12 || total
---------------------------+-------+-------+-------+-------++-------
  Melee: Unarmed           |    53 |       |       |       ||    53
         Dagger            |    52 |    98 |       |       ||   150
         Flail             |       |    67 |   372 |   188 ||   627
  Throw: Dart              |       |       |    23 |     1 ||    24
         Throwing net      |       |       |     1 |       ||     1
  Evoke: Wand              |       |       |     1 |     1 ||     2
    Use: Potion            |     2 |     3 |     1 |     2 ||     8
         Scroll            |       |     2 |     3 |     3 ||     8
   Stab: Paralysed         |       |       |     1 |       ||     1
 Armour: Animal skin       |    65 |   178 |   374 |   196 ||   813
         Skin              |    39 |    38 |       |       ||    77
  Dodge: Dodged            |    67 |   124 |   277 |   197 ||   665

Table legend: (Time is in decaauts)
 A = Elapsed time spent in this place.
 B = Non-inter-level travel time spent in this place.
 C = Inter-level travel time spent in this place.
 D = Time resting spent in this place.
 E = Time spent auto-exploring this place.
 F = Levels seen in this place.
 G = Mean time per level.
                   A        B        C        D        E       F      G
               +--------+--------+--------+--------+--------+-----+--------+
         Total |   8202 |   7919 |    283 |    296 |   5442 |  11 |  745.6 |
       Dungeon |   7826 |   7543 |    283 |    296 |   5343 |   9 |  869.6 |
        Temple |     14 |     14 |      0 |      0 |      0 |   1 |   14.0 |
        Bailey |    361 |    361 |      0 |      0 |     99 |   1 |  361.0 |
               +--------+--------+--------+--------+--------+-----+--------+

Top non-repeatable levels by time:
     D:8: 1430 daAuts
     D:4: 1310 daAuts
     D:3: 916 daAuts
     D:6: 809 daAuts
     D:7: 770 daAuts
     D:9: 732 daAuts
     D:5: 718 daAuts
     D:2: 616 daAuts
     D:1: 521 daAuts
  Bailey: 361 daAuts
  Temple: 14 daAuts
